 Dungeon Sprint DCSS version 0.23-a0-151-gf6d1ed2 (webtiles) character file.

224 Kidiri the Cudgeler (level 5, 0/59 HPs)
             Began as a Troll Berserker on Sept 8, 2018.
             Was an Elder of Trog.
             Slain by an orc warrior
             ... wielding a +0 hand axe
              (7 damage)
             ... while paralysed
             ... in the Dungeon (Sprint IX: "|||||||||||||||||||||||||||||").
             The game lasted 00:01:43 (242 turns).

Kidiri the Cudgeler (Troll Berserker)                Turns: 242, Time: 00:01:44

Health: 0/59       AC:  5    Str: 25    XL:     5   Next: 67%
Magic:  4/4        EV:  1    Int:  3    God:    Trog [****..]
Gold:   0          SH:  0    Dex: 13    Spells: 4/4 levels left

rFire    . . .     SeeInvis .   m - +2 dire flail (crush)
rCold    . . .     Gourm    +   (shield currently unavailable)
rNeg     . . .     Faith    .   b - +0 animal skin
rPois    .         Spirit   .   (helmet restricted)
rElec    .         Reflect  .   (no cloak)
rCorr    .         Harm     .   (gloves unavailable)
MR       .....     NoTele   +   (boots unavailable)
Stlth    +.........             (no amulet)
HPRegen  0.59/turn              a - +3 ring of dexterity
MPRegen  0.09/turn              n - +2 ring of evasion

@: paralysed, lethally poisoned (0 -> -1), berserk cooldown, slowed
A: large, unfitting armour, claws 3, fast metabolism 3, gourmand, regeneration
1, shaggy fur 1, tough skin 2
a: Berserk, Trog's Hand, Brothers in Arms, Renounce Religion


You were in the Dungeon.
You worshipped Trog.
Trog was greatly pleased with you.
You were not hungry.

You visited 1 branch

Inventory:

Hand Weapons
 m - a +2 dire flail of crushing (weapon)
Armour
 b - a +0 animal skin (worn)
Jewellery
 a - a +3 ring of dexterity (left claw)
 n - a +2 ring of evasion (right claw)
Wands
 l - a wand of iceblast (10)
Scrolls
 i - 2 scrolls of blinking
 k - 3 scrolls of remove curse
Potions
 d - 5 potions of curing
 e - 3 potions of heal wounds
 f - a potion of haste
 g - 4 potions of magic
 h - a potion of berserk rage
 j - a potion of invisibility
Comestibles
 c - 2 rations


   Skills:
 * Level 6.2 Fighting
 * Level 6.8 Maces & Flails
 + Level 3.8 Armour
 + Level 4.6 Dodging


You had 4 spell levels left.
You didn't know any spells.
Your spell library was empty.

Dungeon Overview and Level Annotations

Branches:
Dungeon (1/1)

Altars:
Cheibriados
Dithmenos
Elyvilon
Fedhas
Gozag
Hepliaklqana
Kikubaaqudgha
Makhleb
Nemelex Xobeh
Okawaru
Qazlal
Ru
Sif Muna
Trog
Uskayaw
Vehumet
Wu Jian
Xom
Yredelemnul
Zin
The Shining One
Beogh
Jiyva
Lugonu


Innate Abilities, Weirdness & Mutations

You are too large for most types of armour.
You have claws for hands.
Your metabolism is lightning-fast.
You like to eat raw meat.
Your natural rate of healing is unusually fast.
You are covered in fur. (AC +1)
You have very tough skin. (AC +2)


Message History

You hit the orc warrior.
The orc warrior is moderately wounded.
You feel sick. The phantom hits you. The orc warrior misses you.
Unknown command.
You barely miss the orc warrior.
The orc warrior is moderately wounded.
You are no longer berserk.
You pass out from exhaustion.
You feel yourself slow down.
You feel sick.
The phantom hits you but does no damage.
The orc warrior hits you with a hand axe!
You feel sick. The phantom hits you!
* * * LOW HITPOINT WARNING * * *
The phantom blinks!
The orc warrior hits you with a hand axe.
* * * LOW HITPOINT WARNING * * *
You feel sick.
The orc warrior hits you with a hand axe!
You die...

▓+▓
▓.▓
▓.▓
▓W▓
▓.▓
▓Z▓
▓o▓
▓@▓
▓§▓
▓.▓
▓[▓
▓[▓
▓[▓
▓)▓
▓|▓
▓?▓


You could see a phantom, an orc warrior and a leopard gecko skeleton.

Vanquished Creatures
  A centaur (D)
  A crocodile (D)
  A killer bee (D)
  2 adders (D)
  An adder skeleton (D)
  A worm (D)
  A goblin (D)
  A jackal (D)
  2 kobolds (D)
  2 rats (D)
13 creatures vanquished.

Notes
Turn   | Place    | Note
-------+----------+-------------------------------------------
     0 | D        | Kidiri the Troll Berserker began the quest for the Orb.
     0 | D        | Reached XP level 1. HP: 22/22 MP: 0/0
    11 | D        | Reached ** piety under Trog
   143 | D        | Reached *** piety under Trog
   143 | D        | Reached skill level 1 in Armour
   143 | D        | Reached XP level 2. HP: 31/31 MP: 1/1
   148 | D        | Reached XP level 3. HP: 39/39 MP: 2/2
   176 | D        | Found a roughly hewn altar of Beogh.
   176 | D        | Found a snail-covered altar of Cheibriados.
   176 | D        | Found a shadowy altar of Dithmenos.
   176 | D        | Found a white marble altar of Elyvilon.
   176 | D        | Found a blossoming altar of Fedhas.
   176 | D        | Found an opulent altar of Gozag.
   177 | D        | Found a hazy altar of Hepliaklqana.
   178 | D        | Found a viscous altar of Jiyva.
   179 | D        | Found an ancient bone altar of Kikubaaqudgha.
   180 | D        | Found a corrupted altar of Lugonu.
   181 | D        | Found a burning altar of Makhleb.
   182 | D        | Found a sparkling altar of Nemelex Xobeh.
   183 | D        | Found an iron altar of Okawaru.
   184 | D        | Found a stormy altar of Qazlal.
   185 | D        | Found a sacrificial altar of Ru.
   186 | D        | Found a deep blue altar of Sif Muna.
   187 | D        | Found a bloodstained altar of Trog.
   188 | D        | Found a hide-covered altar of Uskayaw.
   189 | D        | Found a radiant altar of Vehumet.
   190 | D        | Found an ornate altar of the Wu Jian Council.
   191 | D        | Found a shimmering altar of Xom.
   192 | D        | Found a basalt altar of Yredelemnul.
   193 | D        | Found a glowing silver altar of Zin.
   194 | D        | Found a glowing golden altar of the Shining One.
   203 | D        | Found the +9 sword of Zonguldrok {reap}
   223 | D        | Noticed a phantom
   223 | D        | Noticed an orc warrior
   223 | D        | Noticed a killer bee
   223 | D        | Noticed a crocodile
   223 | D        | Noticed a centaur
   227 | D        | Killed a centaur
   227 | D        | Reached **** piety under Trog
   227 | D        | Reached skill level 5 in Fighting
   227 | D        | Reached skill level 5 in Maces & Flails
   227 | D        | Reached XP level 4. HP: 50/50 MP: 3/3
   229 | D        | Killed a crocodile
   229 | D        | Reached XP level 5. HP: 59/59 MP: 4/4
   242 | D        | Slain by an orc warrior

Vault maps used:
D:        linesprint

Skill      XL: |  1  2  3  4  5 |
---------------+----------------+-----
Maces & Flails | 3 4 5 6 |  6.8
Fighting       | 3 5 6 |  6.2
Armour         | 1 2 3 |  3.8
Dodging        | 3 4 |  4.6

Action                   |  1- 3 |  4- 6 || total
-------------------------+-------+-------++-------
Melee: Mace              |    31 |       ||    31
       Dire flail        |     2 |    12 ||    14
Invok: Berserk           |     2 |       ||     2
  Eat: Chunk             |     3 |       ||     3
Armor: Animal skin       |     7 |     1 ||     8
Dodge: Dodged            |    15 |     6 ||    21

Table legend:
 A = Non-vault XP
 B = Vault XP
 C = Vault XP percentage of total XP
 D = Non-vault monster count
 E = Vault monster count
 F = Vault count percentage of total count
                 A         B        C        D         E       F
            +---------+---------+-------+---------+---------+-------
      Total |       0 |     321 | 100.0 |       0 |      13 | 100.0
            +---------+---------+-------+---------+---------+-------
          D |       0 |     321 | 100.0 |       0 |      13 | 100.0
            +---------+---------+-------+---------+---------+-------
